 Seeded DCSS version 0.28.0-62-gf88900778d (webtiles) character file.

Game seed: 13591998346360536447 (custom seed)

194162 Psyclone the Eclecticist (level 17, -8/114 HPs)
             Began as a Deep Elf Conjurer on Oct 21, 2023.
             Was an Initiate of Ashenzari.
             Mangled by a redback (13 damage)
             ... on level 3 of the Spider Nest.
             The game lasted 02:08:01 (46490 turns).

Psyclone the Eclecticist (Deep Elf Conjurer)       Turns: 46490, Time: 02:08:02

Health: -8/114     AC: 28    Str:  8    XL:     17   Next: 66%
Magic:  1/41       EV: 19    Int: 50    God:    Ashenzari [......]
Gold:   498        SH:  6    Dex: 13    Spells: 1/52 levels left

rFire   + . .      SeeInvis +   a - +3 Elemental Staff {rElec rF++ rC++ AC+5}
rCold   + + +      Faith    .   b - +0 buckler
rNeg    + . .      Spirit   .   V - +4 skin of Zhor {*Englaciate rC+++ SInv}
rPois   +          Reflect  .   S - +2 helmet
rElec   +          Harm     .   e - +2 cloak of the Hidden Vale {rPois rF- Str+2 Int+8}
rCorr   .          Rampage  .   h - +2 pair of gloves {Stlth+}
Will    ++++.      Archmagi +   w - +1 pair of boots {Stlth+}
Stlth   ++++...... Clarity  +   R - amulet of the Four Winds {rN+ Will+++ Clar}
HPRegen 0.29/turn               q - ring of Dishonour {AC+4 Int+8}
MPRegen 0.27/turn               r - ring of the Mage {Wiz Archmagi}

@: lethally poisoned (-8 -> -11), studying 5 skills
A: iridescent scales 1, clever 1, robust 1, strong 1, wild magic 1
}: 1/15 runes: decaying
a: Renounce Religion, Curse Item


You were on level 3 of the Spider Nest.
You worshipped Ashenzari.
Ashenzari was noncommittal.
You visited 7 branches of the dungeon, and saw 32 of its levels.
You also visited: Volcano.

You collected 17476 gold pieces.
You spent 11865 gold pieces at shops.
You paid 5113 gold pieces to Gozag.

Inventory:

Hand Weapons
 a - the +3 Elemental Staff (weapon) {rElec rF++ rC++ AC+5}
   (You acquired it on level 9 of the Dungeon)

   If the wielder is skilled in Evocations, they can discharge powerful blasts
   of elemental energy when striking with it.
   It enhances your fire, ice, earth and air magic.
   AC:        It affects your AC (+5).
   rF:        It greatly protects you from fire.
   rC:        It greatly protects you from cold.
   rElec:     It insulates you from electricity.
Armour
 b - a +0 buckler (worn)
 e - the +2 cloak of the Hidden Vale (worn) {rPois rF- Str+2 Int+8}
   (You acquired it on level 4 of the Dungeon)

   Str:       It affects your strength (+2).
   Int:       It affects your intelligence (+8).
   rF:        It makes you vulnerable to fire.
   rPois:     It protects you from poison.
 h - a +2 pair of gloves of stealth (worn)
 w - a +1 pair of boots of stealth (worn)
 y - a +5 ring mail of fire resistance
 S - a +2 helmet (worn)
 V - the +4 skin of Zhor (worn) {*Englaciate rC+++ SInv}
   (You found it on level 3 of the Swamp)

   It radiates cold, occasionally slowing all nearby creatures who are not
   resistant to cold.
   rC:        It renders you almost immune to cold.
   SInv:      It lets you see invisible.
Jewellery
 q - the ring of Dishonour (left hand) {AC+4 Int+8}
   (You acquired it on level 11 of the Dungeon)

   [ring of protection]

   AC:        It affects your AC (+4).
   Int:       It affects your intelligence (+8).
 r - the ring of the Mage (right hand) {Wiz Archmagi}
   (You bought it in a shop on level 11 of the Dungeon)

   [ring of wizardry]

   It improves your spell success rate.
   Archmagi:  It increases the power of your magical spells.
 R - the amulet of the Four Winds (around neck) {rN+ Will+++ Clar}
   (You bought it in a shop on level 11 of the Dungeon)

   [amulet of nothing]

   rN:        It protects you from negative energy.
   Clar:      It protects you against confusion.
   Will:      It greatly increases your willpower.
Wands
 c - a wand of mindburst (17)
 d - a wand of polymorph (15)
 g - a wand of flame (74)
 j - a wand of iceblast (30)
 l - a wand of paralysis (9)
 B - a wand of acid (22)
 D - a wand of charming (30)
 K - a wand of digging (3)
Scrolls
 k - 2 scrolls of magic mapping
 m - a scroll of silence {!r}
 n - 2 scrolls of immolation
 p - 6 scrolls of amnesia
 s - 7 scrolls of fog
 u - 3 scrolls of summoning
 v - 14 scrolls of teleportation
 F - 2 scrolls of enchant weapon
 H - a scroll of torment
 I - 5 scrolls of noise
 N - 3 scrolls of blinking
 O - 7 scrolls of identify {@r1}
 P - 5 scrolls of holy word
Potions
 f - 2 potions of ambrosia
 i - 9 potions of curing
 o - 8 potions of mutation
 t - 6 potions of haste
 x - 2 potions of flight
 z - 8 potions of heal wounds
 A - 2 potions of resistance
 C - 2 potions of invisibility
 E - 5 potions of lignification
 G - 3 potions of attraction
 L - 4 potions of might
 M - 2 potions of cancellation
 Q - 5 potions of brilliance
 T - 2 potions of berserk rage {unknown}
Miscellaneous
 J - a phantom mirror
 U - a piece from Xom's chessboard (15/15)


   Skills:
 - Level 10.8 Fighting
 - Level 16.0 Dodging
 - Level 2.4 Stealth
 - Level 10.0 Shields
 - Level 18.0 Spellcasting
 - Level 15.0 Conjurations
 - Level 12.0 Hexes
 - Level 6.0 Necromancy
 - Level 6.0 Translocations
 + Level 10.7 Transmutations
 - Level 6.0 Fire Magic
 - Level 6.0 Air Magic
 - Level 12.0 Earth Magic
 - Level 9.0 Poison Magic


You had one spell level left.
You knew the following spells:

 Your Spells              Type           Power      Damage    Failure   Level
a - Poisonous Vapours     Pois/Air       100%       N/A       1%          2
b - Searing Ray           Conj           100%       2d8       1%          2
c - Mephitic Cloud        Conj/Pois/Air  100%       N/A       1%          3
d - Fulminant Prism       Conj/Hex       75%        3d32      1%          4
e - Iskenderun's Mystic   Conj/Tloc      100%       2d19      1%          4
f - Lee's Rapid Deconstr  Erth           85%        3d39*     1%          5
g - Statue Form           Tmut/Erth      100%       N/A       1%          6
h - Borgnjor's Vile Clut  Necr/Erth      78%        N/A       1%          5
i - Irradiate             Conj/Tmut      74%        3d38      1%          5
j - Yara's Violent Unrav  Hex/Tmut       71%        3d26      1%          5
q - Blink                 Tloc           100%       N/A       1%          2
s - Ignite Poison         Fire/Tmut/Pois 100%       N/A       1%          3
v - Magic Dart            Conj           100%       1d8       1%          1
x - Olgreb's Toxic Radia  Pois           100%       N/A       1%          4

Your spell library contained the following spells:

 Spells                   Type           Power      Damage    Failure   Level
 Animate Skeleton         Necr           100%       N/A       1%          1
 Apportation              Tloc           100%       N/A       1%          1
 Foxfire                  Conj/Fire      100%       2x1d9     1%          1
 Pain                     Necr           100%       1d9       1%          1
 Sting                    Tmut/Pois      100%       1d8       1%          1
 Static Discharge         Conj/Air       100%       N/A       1%          2
 Sublimation of Blood     Necr           100%       N/A       1%          2
 Wereblood                Tmut           100%       N/A       1%          2
 Confusing Touch          Hex            100%       N/A       1%          3
 Conjure Flame            Conj/Fire      100%       6-21      1%          3
 Dazzling Flash           Conj/Hex       100%       N/A       1%          3
 Inner Flame              Hex/Fire       100%       N/A       1%          3
 Ozocubu's Armour         Ice            93%        N/A       1%          3
 Portal Projectile        Hex/Tloc       100%       N/A       1%          3
 Tukima's Dance           Hex            100%       N/A       1%          3
 Vampiric Draining        Necr           100%       2d13      1%          3
 Cause Fear               Hex            72%        N/A       1%          4
 Dispel Undead            Necr           100%       3d31      1%          4
 Flame Wave               Conj/Fire      100%       2d17      1%          4
 Leda's Liquefaction      Hex/Erth       85%        N/A       1%          4
 Passage of Golubria      Tloc           100%       N/A       1%          4
 Petrify                  Tmut/Erth      100%       N/A       1%          4
 Sticky Flame             Conj/Fire      100%       2d11      1%          4
 Agony                    Necr           100%       N/A       1%          5
 Alistair's Intoxication  Tmut/Pois      90%        N/A       1%          5
 Blade Hands              Tmut           69%        N/A       1%          5
 Excruciating Wounds      Necr           58%        N/A       1%          5
 Freezing Cloud           Conj/Ice/Air   86%        6-21      1%          5
 Iskenderun's Battlesphe  Conj           100%       2d15      1%          5
 Lightning Bolt           Conj/Air       82%        1d109     1%          5
 Manifold Assault         Tloc           100%       N/A       1%          5
 Silence                  Hex/Air        78%        N/A       1%          5
 Conjure Ball Lightning   Conj/Air       82%        3x3d31    1%          6
 Eringya's Noxious Bog    Tmut/Pois      68%        N/A       1%          6
 Iron Shot                Conj/Erth      88%        9d16      1%          6
 Enfeeble                 Hex            72%        N/A       1%          7
 Dragon Form              Tmut           69%        N/A       3%          7
 Dispersal                Tloc           58%        N/A       4%          6
 Storm Form               Tmut/Air       77%        N/A       8%          7
 Spellforged Servitor     Conj/Summ      62%        N/A       11%         7
 Discord                  Hex            72%        N/A       12%         8
 Haunt                    Necr/Summ      49%        N/A       47%         7
 Infestation              Necr           58%        N/A       71%         8
 Disjunction              Tloc           58%        N/A       73%         8
 Ignition                 Fire           71%        3d19      73%         8
 Maxwell's Capacitive Co  Air            70%        ∞         73%         8
 Shatter                  Erth           85%        3d61*     82%         9
 Ozocubu's Refrigeration  Ice            46%        4d14      85%         7
 Summon Hydra             Summ           36%        N/A       85%         7
 Chain Lightning          Conj/Air       82%        3d109     94%         9
 Fire Storm               Conj/Fire      82%        8d21      94%         9


Dungeon Overview and Level Annotations

Branches:
Dungeon (15/15)            Temple (1/1) D:6            Lair (6/6) D:8
  Swamp (4/4) Lair:4       Spider (3/4) Lair:4        Slime (1/5) Lair:6
    Orc (2/2) D:10            Elf (0/3) Orc:2        Vaults (0/5) D:13
 Depths (0/4) D:15        Volcano (visited)

Altars:
Ashenzari
Cheibriados
Dithmenos
Elyvilon
Fedhas
Gozag
Hepliaklqana
Kikubaaqudgha
Makhleb
Nemelex Xobeh
Okawaru
Qazlal
Ru
Sif Muna
Trog
Uskayaw
Vehumet
Wu Jian
Xom
Yredelemnul
Zin
The Shining One
Beogh

Shops:
D:8 *   D:11 ::=:*=   Orc:1 *   Orc:2 [[[:

Portals:
Ice
Cave: Spider:3


Innate Abilities, Weirdness & Mutations

You are partially covered in iridescent scales. (AC +2)
Your mind is acute. (Int +2)
You are robust. (+10% HP)
Your muscles are strong. (Str +2)
Your spells are a little harder to cast, but a little more powerful.


Message History

A redback comes into view.
Gozag incites the redback against you.
The redback goes berserk!
The redback closely misses you.
You take 3 damage, and have 45/114 hp.
Casting: Iskenderun's Mystic Blast (safe; 1% risk of failure)
Confirm with . or Enter, or press ? or * to list all spells.
Aiming: Poisonous Vapours (safe; 1% risk of failure)
Press: ? - help, Dir - move target, f - redback
Aim: a redback (lightly wounded, berserk, incited by Gozag, slow)
You feel a strong surge of power!
Poisonous vapours surround the redback!
The redback is poisoned.
You feel very sick. The redback misses you.
You take 3 damage, and have 42/114 hp.
You now have 3/41 mp.
Casting: Poisonous Vapours (safe; 1% risk of failure)
Confirm with . or Enter, or press ? or * to list all spells.
You feel a strong surge of power!
You ignite the poison in your surroundings!
The redback seems to burn from within!!!
You kill the redback!
You radiate an aura of cold.
The redback resists.
You feel very sick. You block the redback's attack.
You take 3 damage, and have 39/114 hp.
You now have 0/41 mp.
Casting: Ignite Poison (safe; 1% risk of failure)
Confirm with . or Enter, or press ? or * to list all spells.
You don't have enough magic to cast this spell.
Unknown command.
You feel sick. The redback misses you. The redback bites you!
* * * LOW HITPOINT WARNING * * *
You take 15 damage, and have 24/114 hp.
Really quaff the potion of lignification?
Gozag petitions for your drink to fail.
You feel sick. The redback bites you!
* * * LOW HITPOINT WARNING * * *
The redback bites you but does no damage.
You take 17 damage, and have 7/114 hp.
Gozag petitions for your drink to fail.
You feel sick. The redback closely misses you. The redback bites you!
You die...

)..##...........#..#...
........###^......###..
## #^.....#.#..##...^.#..
.!.##...........###..##≈#
.......).....### #....#
....#.#...#^.....≈....
#.#^#.#.##.....##.##..
#.#†#.#....##... ..
#.s@#...#..# .#
#.#)#^#.^.^.# .
#.#^#)#.#.#..# .[..#
#..##$..≈# #...# #..
..##. ..^.. .##...# ....
. .# #. .


You could see a redback (berserk, incited).

Vanquished Creatures
  Bai Suzhen (Swamp:3)
  Nikola (Swamp:4)
  The ghost of cbfl8 the Severer, an adept DsFi of Okawaru (Swamp:4)
  An acid blob (Slime:1)
  Kirke (D:13)
  A thorn hunter (Swamp:3)
  The ghost of Jingleheimer the Martial Artist, an adept OpTm of Gozag (Swamp:2)
  A fenstrider witch (Swamp:4)
  2 azure jellies (Swamp:4)
  Louise (Swamp:2)
  2 emperor scorpions (Spider:2)
  2 orc warlords (Orc:2)
  An ironbound preserver (D:13)
  Aizul (Swamp:3)
  A stone giant (D:15)
  A broodmother (Spider:2)
  4 eleionomae
  4 bunyips (Swamp:2)
  A fire dragon (Lair:6)
  3 spectral fenstrider witches (Swamp:2)
  Erolcha (D:13)
  9 boulder beetles
  An ogre mage (Orc:2)
  A ghost crab (Swamp:2)
  2 ice dragons
  A rakshasa (D:14)
  15 hydras
  9 centaur warriors
  4 death knights
  5 alligators
  9 two-headed ogres
  A radroach (Spider:1)
  5 death yaks (Lair:6)
  2 tengu warriors (D:15)
  A vampire mage (Swamp:3)
  3 spriggans
  4 orc high priests (Orc:2)
  Urug (D:13)
  A fire crab (Lair:6)
  A deep elf knight (D:14)
  A spectral spriggan (Swamp:2)
  2 pharaoh ants
  A skeletal warrior (D:13)
  2 steelbarb worms
  4 goliath frogs
  A spriggan druid (Swamp:2)
  A wizard (D:14)
  7 swamp dragons
  2 bog bodies
  2 phantasmal warriors (D:15)
  2 fenstrider witch simulacra (Swamp:2)
  5 orc knights
  5 wolf spiders
  3 lindwurms
  4 orc sorcerers (Orc:2)
  6 will-o-the-wisps
  7 ugly things (D:14)
  8 black mambas
  3 moths of wrath
  4 cyclopes
  A manticore (D:14)
  25 elephants
  3 molten gargoyles (Volcano)
  8 torpor snails
  4 gargoyles
  Maggie (Lair:2)
  2 unseen horrors (D:13)
  13 cane toads
  8 demonic crawlers
  2 yaktaurs
  7 komodo dragons
  4 efreet
  5 rime drakes
  7 freezing wraiths
  A polar bear (Lair:4)
  A spectral death drake (Swamp:2)
  A queen bee (shapeshifter) (D:11)
  8 trolls
  12 tyrant leeches
  2 bloated husks
  10 hornets
  9 meliai
  19 slime creatures
  11 blink frogs
  10 tarantellas
  2 centaur simulacra (D:14)
  Sigmund (D:5)
  2 shadows
  15 jumping spiders
  13 culicivoras
  5 wyverns
  7 wraiths
  2 fire elementals (Volcano)
  2 basilisks (shapeshifter)
  50 yaks
  6 hogs (D:13)
  3 steam dragons
  3 basilisks
  23 vampire mosquitoes
  2 swamp worm simulacra (Swamp:4)
  27 redbacks
  Menkaure (D:5)
  19 swamp worms
  Edmund (D:5)
  2 spriggan simulacra (Swamp:2)
  11 hydra simulacra (Swamp:4)
  4 wargs
  18 water moccasins
  2 death drake simulacra (Swamp:2)
  A swamp drake (Lair:6)
  45 orc warriors
  3 ice beasts
  2 black bears (D:6)
  3 sky beasts
  17 ogres
  18 centaurs
  The ghost of Jingleheimer the Insei, an amateur OpTm (D:3)
  A kobold brigand (D:10)
  3 earth elementals (Volcano)
  8 bullfrogs
  A wyvern zombie (D:7)
  3 gnoll sergeants
  6 scorpions
  A water moccasin zombie (D:5)
  A hornet simulacrum (D:14)
  12 killer bees
  4 vampire bats (D:13)
  8 wights
  6 electric eels
  3 howler monkeys
  A bullfrog zombie (D:5)
  2 centaur zombies
  2 hounds
  27 orc priests
  4 bullfrog skeletons
  2 gnoll shamans
  3 jellies
  16 iguanas
  Ijyb (D:5)
  9 hell rats
  Natasha (thrice) (D:2)
  11 orc wizards
  A killer bee zombie (D:7)
  3 hound skeletons
  2 howler monkey zombies
  21 gnolls
  8 adders
  A howler monkey skeleton (D:6)
  4 river rats (D:13)
  A white imp (D:5)
  2 ufetubi
  6 swamp drake simulacra (Swamp:4)
  2 adder skeletons (D:4)
  3 worms
  6 dart slugs
  85 orcs
  9 bats
  9 endoplasms
  8 giant cockroaches
  10 hobgoblins
  5 jackals
  14 kobolds
  3 quokkas
  9 ball pythons
  A frilled lizard (D:2)
  5 goblins
  15 rats
  A spectral hobgoblin (D:4)
  8 briar patches (Swamp:3)
1042 creatures vanquished.

Vanquished Creatures (others)
  A tyrant leech (Swamp:4)
  A bloated husk (Swamp:4)
  2 hydra simulacra (Swamp:4)
  2 fire vortices (Volcano)
  20 foxfires
  92 fulminant prisms
  52 fungi
  70 plants
240 creatures vanquished.

Grand Total: 1282 creatures vanquished

Notes
Turn   | Place    | Note
-------+----------+-------------------------------------------
     0 | D:1      | Psyclone the Deep Elf Conjurer began the quest for the Orb.
     0 | D:1      | Reached XP level 1. HP: 10/10 MP: 6/6
   178 | D:2      | Reached XP level 2. HP: 15/15 MP: 6/8
   181 | D:2      | Learned a level 2 spell: Searing Ray
   211 | D:2      | Reached skill level 5 in Conjurations
   273 | D:2      | Identified 3 scrolls of acquirement
   286 | D:3      | Found a glowing golden altar of the Shining One.
   337 | D:4      | Acquired the +2 cloak of the Hidden Vale {rPois rF- Str+2
                  | Int+8}
   340 | D:4      | Acquired 1255 gold pieces
   346 | D:4      | Acquired 1352 gold pieces
   357 | D:4      | Acquired 1218 gold pieces
   389 | D:4      | Reached XP level 3. HP: 19/19 MP: 2/9
   420 | D:4      | Gained mutation: You are robust. (+10% HP) [potion of
                  | mutation]
   420 | D:4      | Gained mutation: You have hidden genetic potential. [potion
                  | of mutation]
   420 | D:4      | Gained mutation: Your muscles are strong. (Str +2) [potion
                  | of mutation]
   420 | D:4      | Gained mutation: You are partially covered in iridescent
                  | scales. (AC +2) [potion of mutation]
   523 | D:5      | Entered Level 5 of the Dungeon
   527 | D:5      | Reached XP level 4. HP: 18/26 MP: 4/10
   548 | D:5      | Gained mutation: Your mind is acute. (Int +2) [hidden
                  | potential]
   643 | D:5      | Noticed an ice beast
   648 | D:5      | Killed an ice beast
   649 | D:5      | Reached XP level 5. HP: 30/30 MP: 4/11
   654 | D:5      | Gained mutation: Your spells are a little harder to cast,
                  | but a little more powerful. [hidden potential]
   654 | D:5      | Lost mutation: You have hidden genetic potential. [hidden
                  | potential expressed]
   658 | D:5      | Learned a level 4 spell: Fulminant Prism
   764 | D:5      | Found an opulent altar of Gozag.
   771 | D:5      | Became a worshipper of Gozag Ym Sagoz the Greedy
   831 | D:5      | Noticed a sky beast
   840 | D:5      | Killed a sky beast
   841 | D:5      | Reached XP level 6. HP: 28/35 MP: 4/12
   913 | D:5      | Found an iron altar of Okawaru.
   933 | D:5      | Noticed Menkaure
   937 | D:5      | Killed Menkaure
   938 | D:5      | Reached XP level 7. HP: 24/39 MP: 4/13
  1327 | D:7      | Reached skill level 10 in Conjurations
  1384 | D:9      | Acquired 1237 gold pieces
  1393 | D:9      | Acquired the +3 Elemental Staff {rElec rF++ rC++ AC+5}
  1393 | D:9      | Found the +3 Elemental Staff {rElec rF++ rC++ AC+5}
  1405 | D:9      | Acquired 1172 gold pieces
  1478 | D:10     | Entered Level 10 of the Dungeon
  1573 | D:10     | Reached skill level 4 in Spellcasting
  1751 | D:11     | Found Reiheab's General Store.
  1754 | D:11     | Bought a scroll of acquirement for 624 gold pieces
  1779 | D:11     | Acquired the ring of Dishonour {AC+4 Int+8}
  2436 | D:11     | Bought the ring of the Mage {Wiz Archmagi} for 561 gold
                  | pieces
  2436 | D:11     | Found the ring of the Mage {Wiz Archmagi}
  2440 | D:11     | Bought a Young Poisoner's Handbook for 200 gold pieces
  2494 | D:10     | Reached skill level 5 in Spellcasting
  2537 | D:10     | Reached skill level 6 in Spellcasting
  2537 | D:10     | Reached XP level 8. HP: 26/45 MP: 4/19
  2782 | D:10     | Reached skill level 7 in Spellcasting
  3009 | D:9      | Reached skill level 8 in Spellcasting
  3630 | D:5      | Noticed Sigmund
  3647 | D:5      | Killed Sigmund
  3648 | D:5      | Reached skill level 9 in Spellcasting
  3795 | D:5      | Found a shimmering blue altar of Sif Muna.
  3833 | D:4      | Reached skill level 10 in Spellcasting
  4557 | D:2      | Noticed Natasha
  4563 | D:2      | Killed Natasha
  4764 | D:2      | Noticed Natasha
  4769 | D:2      | Killed Natasha
  5142 | D:2      | Found a faded altar of an unknown god.
  5142 | D:2      | Noticed Natasha
  5163 | D:2      | Killed Natasha
  5164 | D:2      | Reached skill level 1 in Poison Magic
  5592 | D:3      | Noticed Jingleheimer's ghost (amateur OpTm)
  5599 | D:3      | Found a transporter.
  5611 | D:3      | Found a transporter.
  5616 | D:3      | Killed Jingleheimer's ghost
  6566 | D:4      | Found a hazy altar of Hepliaklqana.
  6757 | D:5      | Noticed Edmund
  6757 | D:5      | Noticed Ijyb
  6761 | D:5      | Killed Ijyb
  6762 | D:5      | Reached skill level 11 in Spellcasting
  6762 | D:5      | Reached XP level 9. HP: 49/49 MP: 16/26
  6764 | D:5      | Killed Edmund
  7273 | D:5      | Found a stormy altar of Qazlal.
  8682 | D:10     | Reached skill level 12 in Spellcasting
  8682 | D:10     | Reached skill level 5 in Poison Magic
  8698 | D:10     | Reached skill level 13 in Spellcasting
  8705 | D:10     | Learned a level 4 spell: Iskenderun's Mystic Blast
  8710 | D:10     | Learned a level 4 spell: Olgreb's Toxic Radiance
  8881 | D:11     | Bought a Trismegistus Codex for 364 gold pieces
  8881 | D:11     | Bought an Everburning Encyclopedia for 338 gold pieces
  8891 | D:11     | Learned a level 3 spell: Ignite Poison
  8895 | D:11     | Learned a level 3 spell: Mephitic Cloud
  9164 | D:6      | Learned a level 2 spell: Poisonous Vapours
  9250 | D:6      | Reached XP level 10. HP: 55/55 MP: 23/29
  9544 | D:6      | Found a staircase to the Ecumenical Temple.
  9642 | Temple   | Entered the Ecumenical Temple
  9988 | D:6      | You fall into a shaft and drop 3 floors!
 10009 | D:9      | Reached skill level 1 in Transmutations
 10164 | D:9      | Reached skill level 5 in Transmutations
 10306 | D:9      | Found the +8 storm bow {elec, penet}
 11740 | D:7      | Found an ornate altar of the Wu Jian Council.
 11925 | D:8      | Reached skill level 1 in Hexes
 11925 | D:8      | Reached skill level 1 in Translocations
 11925 | D:8      | Reached skill level 1 in Fire Magic
 11925 | D:8      | Reached skill level 1 in Air Magic
 12211 | D:8      | Reached XP level 11. HP: 59/59 MP: 23/30
 12215 | D:8      | Found a staircase to the Lair.
 12429 | D:8      | Found Kiqy Okk's Assorted Antiques.
 12733 | D:8      | Found a bloodstained altar of Trog.
 13048 | D:10     | Found a staircase to the Orcish Mines.
 13336 | D:10     | Noticed a two-headed ogre
 13340 | D:10     | Killed a two-headed ogre
 13388 | D:10     | Noticed a seven-headed hydra
 14446 | D:10     | Killed a seven-headed hydra
 14447 | D:10     | Reached skill level 5 in Hexes
 14538 | D:11     | Bought the amulet of the Four Winds {rN+ Will+++ Clar} for
                  | 614 gold pieces
 14538 | D:11     | Found the amulet of the Four Winds {rN+ Will+++ Clar}
 14575 | D:11     | Bought a manual of Dodging for 800 gold pieces
 14583 | D:11     | Noticed a two-headed ogre
 14587 | D:11     | Killed a two-headed ogre
 14665 | D:11     | Noticed an eight-headed hydra
 14672 | D:11     | Killed an eight-headed hydra
 14722 | D:11     | Noticed a two-headed ogre
 14726 | D:11     | Killed a two-headed ogre
 14727 | D:11     | Reached skill level 5 in Translocations
 14727 | D:11     | Reached skill level 5 in Fire Magic
 14901 | D:11     | Reached skill level 5 in Dodging
 15184 | D:11     | Reached skill level 5 in Air Magic
 15783 | D:12     | Noticed a two-headed ogre
 15786 | D:12     | Killed a two-headed ogre
 15790 | D:12     | Noticed a boulder beetle
 15795 | D:12     | Killed a boulder beetle
 15796 | D:12     | Reached XP level 12. HP: 64/64 MP: 20/31
 15900 | D:12     | Noticed a two-headed ogre
 15903 | D:12     | Killed a two-headed ogre
 16428 | D:12     | Reached skill level 10 in Dodging
 16538 | D:12     | Noticed a four-headed hydra
 16817 | Orc:1    | Entered Level 1 of the Orcish Mines
 16817 | Orc:1    | Found Bucsurua's General Store.
 16921 | Orc:1    | Bought a potion of degeneration for 12 gold pieces
 16921 | Orc:1    | Bought a scroll of fog for 24 gold pieces
 17116 | Orc:2    | Entered Level 2 of the Orcish Mines
 17119 | Orc:2    | Noticed a two-headed ogre
 17121 | Orc:2    | Killed a two-headed ogre
 17539 | Orc:2    | Noticed a two-headed ogre
 17543 | Orc:2    | Killed a two-headed ogre
 17985 | Orc:2    | Reached skill level 15 in Dodging
 18184 | Orc:2    | Noticed an orc high priest
 18188 | Orc:2    | Killed an orc high priest
 18285 | Orc:2    | Noticed an orc high priest
 18289 | Orc:2    | Killed an orc high priest
 18435 | Orc:2    | Found Jij Sur's Antique Armour Shoppe.
 18436 | Orc:2    | Noticed an orc high priest
 18439 | Orc:2    | Killed an orc high priest
 18546 | Orc:2    | Found Fomogynk's Antique Armour Shop.
 18547 | Orc:2    | Noticed an orc high priest
 18552 | Orc:2    | Killed an orc high priest
 18657 | Orc:2    | Noticed an orc warlord
 18664 | Orc:2    | Killed an orc warlord
 18665 | Orc:2    | Reached XP level 13. HP: 42/77 MP: 18/32
 19020 | Orc:2    | Found Taqieheg's Antique Armour Boutique.
 19029 | Orc:2    | Bought a pair of embroidered gloves for 150 gold pieces
 19081 | Orc:2    | Reached skill level 5 in Fighting
 19254 | Orc:2    | Found Alasek's Book Shop.
 19732 | Orc:2    | Found a staircase to the Elven Halls.
 19854 | Orc:2    | Noticed an orc warlord
 19863 | Orc:2    | Killed an orc warlord
 20028 | Orc:2    | Bought a pair of runed boots for 172 gold pieces
 20105 | Orc:1    | You fall into a shaft and drop 1 floor!
 20609 | Orc:2    | Learned a level 5 spell: Lee's Rapid Deconstruction
 20616 | Orc:2    | Learned a level 6 spell: Statue Form
 20818 | Lair:1   | Entered Level 1 of the Lair of Beasts
 20885 | Lair:1   | Found a dark tunnel.
 20920 | Volcano  | Entered a volcano
 20935 | Volcano  | Reached skill level 1 in Earth Magic
 21674 | Lair:1   | Got the Almanac of Evil Secrets
 21823 | Lair:1   | You fall into a shaft and drop 1 floor!
 21835 | Lair:2   | Identified the +2 hand axe of Guotsole {venom, *Corrode rN+
                  | Int+2 Stlth+}
 22102 | Lair:2   | Reached skill level 5 in Earth Magic
 22341 | Lair:2   | Noticed Maggie
 22346 | Lair:2   | Killed Maggie
 22965 | D:11     | Bought a manual of Shields for 1040 gold pieces
 23366 | Lair:3   | Reached skill level 1 in Shields
 24086 | Lair:3   | Reached XP level 14. HP: 90/92 MP: 18/33
 24088 | Lair:3   | Reached skill level 5 in Shields
 25456 | Lair:4   | Found a hole to the Spider Nest.
 25952 | Lair:4   | Found a staircase to the Swamp.
 26261 | D:11     | Bought a book of Lightning for 576 gold pieces
 26261 | D:11     | Bought a manual of Dodging for 1280 gold pieces
 26266 | D:11     | Bought a manual of Conjurations for 800 gold pieces
 27389 | Lair:6   | Entered Level 6 of the Lair of Beasts
 27394 | Lair:6   | Found a staircase to the Slime Pits.
 27407 | Lair:6   | Reached skill level 10 in Shields
 27566 | Lair:6   | Reached skill level 14 in Spellcasting
 28953 | Lair:6   | Reached skill level 15 in Spellcasting
 29022 | Lair:6   | Reached XP level 15. HP: 96/97 MP: 20/36
 29495 | Lair:6   | Found a runed translucent door.
 29784 | Lair:6   | Reached skill level 15 in Conjurations
 30119 | D:11     | Bought an Inescapable Atlas for 340 gold pieces
 30122 | D:11     | Learned a level 2 spell: Blink
 30442 | D:13     | Learned a level 5 spell: Borgnjor's Vile Clutch
 30821 | D:13     | Noticed Urug
 30834 | D:13     | Killed Urug
 31174 | D:13     | Found a gate to the Vaults.
 31196 | D:13     | Noticed Kirke
 31199 | D:13     | Noticed a sphinx
 31529 | D:13     | Killed Kirke
 32266 | D:13     | Noticed Erolcha
 32269 | D:13     | Killed Erolcha
 32274 | D:13     | Reached skill level 10 in Fighting
 34174 | D:15     | Entered Level 15 of the Dungeon
 34626 | D:15     | Reached XP level 16. HP: 102/108 MP: 29/37
 34667 | D:15     | Found a staircase to the Depths.
 34847 | D:15     | Reached skill level 16 in Spellcasting
 34994 | D:15     | Found a white marble altar of Elyvilon.
 35912 | D:12     | Learned a level 5 spell: Irradiate
 36155 | Swamp:1  | Entered Level 1 of the Swamp
 36167 | Swamp:1  | Reached skill level 17 in Spellcasting
 36989 | Swamp:1  | Reached skill level 18 in Spellcasting
 36990 | Swamp:1  | Reached skill level 10 in Earth Magic
 37618 | Swamp:2  | Noticed Louise
 37629 | Swamp:2  | Killed Louise
 37951 | Swamp:2  | Reached skill level 1 in Necromancy
 38561 | Swamp:2  | Found a runed translucent gate.
 38562 | Swamp:2  | Found a runed translucent gate.
 38563 | Swamp:2  | Found a runed translucent gate.
 38565 | Swamp:2  | Noticed Jingleheimer's ghost (adept OpTm)
 38579 | Swamp:2  | Reached skill level 5 in Necromancy
 38586 | Swamp:2  | Killed Jingleheimer's ghost
 38602 | Swamp:2  | Identified the +8 hand axe of Tedalom {vorpal, *Noise Str+4
                  | Dex+8}
 39197 | D:11     | Bought a book of Annihilations for 960 gold pieces
 39202 | D:11     | Bought the Tome of Clay and the Voyage for 598 gold pieces
 39203 | D:11     | Bought a book of Power for 672 gold pieces
 39204 | D:11     | Bought the Unrestrained Analects for 572 gold pieces
 39204 | D:11     | Bought a book of Hexes for 468 gold pieces
 39315 | Orc:2    | Bought a book of Chaos for 700 gold pieces
 39535 | Temple   | Learned a level 5 spell: Yara's Violent Unravelling
 39535 | Temple   | Fell from the grace of Gozag
 39535 | Temple   | Became a worshipper of Ashenzari the Shackled
 39901 | Swamp:3  | Found the +4 skin of Zhor {*Englaciate rC+++ SInv}
 39905 | Swamp:3  | Noticed a thorn hunter
 39914 | Swamp:3  | Found a sparkling altar of Nemelex Xobeh.
 39915 | Swamp:3  | Killed a thorn hunter
 40416 | Swamp:3  | Noticed Aizul
 40423 | Swamp:3  | Killed Aizul
 41125 | Swamp:4  | Entered Level 4 of the Swamp
 41267 | Swamp:4  | Found a runed translucent door.
 41268 | Swamp:4  | Noticed cbfl8's ghost (adept DsFi)
 41270 | Swamp:4  | Identified the +3 mace "Gatuenaig" {venom, rPois rC- Str+2}
 41492 | Swamp:4  | Reached XP level 17. HP: 93/114 MP: 21/41
 42097 | Swamp:4  | Noticed Nikola
 42103 | Swamp:4  | Killed Nikola
 42113 | Swamp:4  | Noticed Bai Suzhen
 42159 | Swamp:3  | Killed Bai Suzhen
 42701 | Swamp:4  | Killed cbfl8's ghost
 42710 | Swamp:4  | Identified the +8 shortbow "Orb Guardian's Regret" {freeze,
                  | rN++ Will+ Dex-4}
 42995 | Swamp:4  | Identified the -3 pair of boots of Ceosacytz {Slay+3}
 43202 | Swamp:4  | Got a decaying rune of Zot
 43494 | Slime:1  | Entered Level 1 of the Pits of Slime
 43503 | Slime:1  | Noticed an acid blob
 43509 | Slime:1  | Killed an acid blob
 43510 | Slime:1  | Noticed an acid blob
 43801 | Spider:1 | Entered Level 1 of the Spider Nest
 43886 | Lair:4   | Reached skill level 10 in Hexes
 45204 | Spider:2 | Reached skill level 10 in Transmutations
 45294 | Spider:2 | Identified the +7 chain mail of Qiysimoa {rN+}
 45675 | Spider:2 | Found the +3 robe of Clouds {*Thunder rCloud rElec}
 46461 | Spider:3 | Found a frozen archway.
 46490 | Spider:3 | HP: 5/114 [poisoned by a redback]
 46490 | Spider:3 | Mangled by a redback

Illustrated notes

Levels and vault maps discovered:
D:1:      wander_arrival_fairy_ring, layout_basic, chequers_serial_rivers_room_a
D:2:      layout_loops_ring, shapermc_ecumenical_altar_venn, uniq_natasha
D:3:      layout_loops_ring, mainiacjoe_overflow_chevrons,
          gammafunk_ghost_arena, hangedman_glass_teeth
D:4:      layout_basic, nicolae_hepliaklqana_monster_ancestors,
          due_unseen_surprise
D:5:      layout_basic, lemuel_doored_altar, overflow_temple_1_default,
          amethyst_overflow_temple_binary, minmay_manual_mess, uniq_ijyb,
          uniq_edmund, uniq_sigmund, uniq_menkaure
D:6:      layout_layer_cave, minmay_temple_entry_hall
D:7:      layout_basic, nicolae_wu_jian_immortal_techniques
D:8:      layout_rooms, lightli_temple_of_fire, minmay_lair_entry_grove,
          serial_shops, shop
D:9:      layout_cave_pools, grunt_decor_clamped
D:10:     minmay_diamond_stairs, layout_basic
D:11:     layout_gridville, serial_shops, kennysheep_mini_moat
D:12:     layout_loops_corners, lightli_corner_chamber
D:13:     layout_rooms, skrybe_vaults_entry_preservation, fountainhead,
          hangedman_parallel_progression, uniq_kirke, uniq_urug, uniq_erolcha
D:14:     layout_basic, nicolae_wwwww, minmay_pinched_square
D:15:     grunt_enter_depths_snipers, layout_long_grid, elyvilon_altar_5
Temple:   jpeg_temple_clearing
Lair:1:   layout_loops_ring, nicolae_volcano_entry_hallway, st_stairs_7
Lair:2:   layout_loops_ring, infiniplex_staircase_pool, uniq_maggie
Lair:3:   layout_hall_layers
Lair:4:   layout_loops_ring, minmay_swamp_entry_worms, spider_nest_entry_webs,
          lemuel_old_faithful, grunt_megastairs_3
Lair:5:   layout_regular_city
Lair:6:   guppyfry_lair_end_dragon, layout_gridlike, wormcave,
          minmay_slime_entry_pillars
Swamp:1:  layout_falls_marsh, evilmike_swamp_ruin_house_2,
          nicolae_swamp_treefoil, swamp_pool1, nicolae_swamp_well_well_well
Swamp:2:  nicolae_swamp_tree_isthmus, layout_falls_marsh,
          gammafunk_ghost_necromancy, nicolae_swamp_triple_paths, swamp_pool1,
          uniq_louise
Swamp:3:  layout_basic_swamp, evilmike_swamp_ruin_rubble_2, swamp_pool3,
          lemuel_altar_in_water, cheibrodos_swamp_pet_leeches, uniq_aizul
Swamp:4:  swamp_icy, layout_basic_swamp, gammafunk_ghost_grave, uniq_bai_suzhen,
          uniq_nikola
Spider:1: layout_spider_delve, drop_trap
Spider:2: layout_spider_delve
Spider:3: layout_spider_delve, portal_ice_cave_entry_pillars_four,
          spiders_nest_ghost_moth_duel
Slime:1:  layout_caves
Orc:1:    layout_caves, serial_shops, shop
Orc:2:    pubby_orc_utopia, serial_shops

Skill      XL: |  1  2  3  4  5  6  7  8  9 10 11 12 13 14 15 16 17 |
---------------+----------------------------------------------------+-----
Conjurations   | 5 6 7 8 9 10 13 15 | 15.0
Spellcasting   | 6 11 13 15 18 | 18.0
Poison Magic   | 3 7 9 |  9.0
Transmutations | 6 7 10 | 10.7
Hexes          | 3 6 7 12 | 12.0
Translocations | 2 6 |  6.0
Fire Magic     | 2 6 |  6.0
Air Magic      | 2 5 6 |  6.0
Dodging        | 7 16 | 16.0
Fighting       | 4 8 10 | 10.8
Earth Magic    | 5 9 12 | 12.0
Shields        | 4 10 | 10.0
Necromancy     | 6 |  6.0
Stealth        | |  2.4

Action                   |  1- 3 |  4- 6 |  7- 9 | 10-12 | 13-15 | 16-18 || total
-------------------------+-------+-------+-------+-------+-------+-------++-------
Melee: Staff             |       |       |       |     7 |    46 |    28 ||    81
 Cast: Magic Dart        |    16 |     3 |    97 |     3 |    12 |    10 ||   141
       Searing Ray       |     5 |     7 |    70 |    22 |     8 |     5 ||   117
       Fulminant Prism   |       |       |    15 |    16 |    34 |    27 ||    92
       Ignite Poison     |       |       |     1 |    75 |   117 |    86 ||   279
       Poisonous Vapours |       |       |     1 |    65 |   122 |   122 ||   310
       Olgreb's Toxic Ra |       |       |       |    50 |    71 |    27 ||   148
       Iskenderun's Myst |       |       |       |     4 |   147 |   111 ||   262
       Mephitic Cloud    |       |       |       |     1 |       |       ||     1
       Lee's Rapid Decon |       |       |       |       |    12 |     2 ||    14
       Borgnjor's Vile C |       |       |       |       |       |    32 ||    32
       Irradiate         |       |       |       |       |       |    29 ||    29
       Yara's Violent Un |       |       |       |       |       |     6 ||     6
       Statue Form       |       |       |       |       |       |     1 ||     1
Invok: Call Merchant     |       |       |     5 |       |       |       ||     5
  Use: Scroll            |     5 |       |     5 |       |    28 |     2 ||    40
       Potion            |     1 |       |       |       |       |       ||     1
Armor: Robe              |     1 |     1 |    34 |    43 |     7 |       ||    86
       Ring mail         |       |       |       |       |   125 |   108 ||   233
       Animal skin       |       |       |       |       |       |    95 ||    95
       Skin              |       |       |       |       |       |     9 ||     9
Dodge: Dodged            |     3 |     3 |    30 |    56 |   153 |   289 ||   534
Block: Other             |       |       |    14 |    14 |       |       ||    28
       Reflection        |       |       |     1 |     1 |       |       ||     2
       Buckler           |       |       |       |       |    65 |   109 ||   174
